AoeStats
← Polar_Op

Arabia

510513473Analyzed
2v2 RM · 22h ago on Oct 1, 2026· 62m 7s· 4 players
Game mode
Random Map
Map size
Medium (4 player)
Population
200
Speed
Normal
Resources
Standard
Victory
Conquest
Starting age
Dark Age
Ending age
Imperial Age
RankedLock teamsTeams togetherTeam positionsShared explorationLock speedFull tech treeHidden civsTurbo modeCheats
Victory
Defeat
🇨🇱 Franks · Chile
765
+11
🇨🇱 Malay · Chile
729
+13
🇦🇺 Koreans · Australia
651
-24
🇦🇺 Goths · Australia
651
-24
Polar_Op
11:09 Feudal Age
12:40 Wheelbarrow
11:49 Horse Collar
15:24 Gold Mining
18:10 Fletching
23:01 Castle Age
22:04 Double-Bit Axe
26:45 Hand Cart
26:00 Crossbowman
26:47 Thumb Ring
27:13 Heavy Plow
Jihad Herbie
12:23 Feudal Age
12:44 Man-at-Arms
21:51 Double-Bit Axe
21:50 Horse Collar
26:05 Castle Age
28:15 Heavy Plow
28:28 Bow Saw
28:46 Gold Mining
28:46 Stone Mining
29:23 Forging
29:15 Scale Mail Armor
39:38 Squires
62:08 Imperial Age
Ulosis
3:49 Loom
11:37 Feudal Age
11:16 Double-Bit Axe
18:16 Horse Collar
19:41 Wheelbarrow
19:00 Arson
23:15 Castle Age
23:05 Elite Skirmisher
26:17 Crossbowman
28:09 Husbandry
29:15 Man-at-Arms
32:20 Long Swordsman
36:43 Squires
53:35 Imperial Age
53:45 Two-Handed Swordsman
57:27 Forced Levy
57:50 Elite Karambit Warrior
PABLOSKY
4:00 Loom
12:16 Feudal Age
19:34 Castle Age
22:10 Double-Bit Axe
28:58 Scale Mail Armor
31:16 Forging
31:22 Chain Mail Armor
32:32 Iron Casting
32:37 Squires
33:38 Gambesons
43:15 Arson
59:27 Imperial Age
61:25 Caravan
61:58 Bow Saw
Connection lost

Rejoining the realm…

Still unreachable

The connection could not be restored.

Session expired

The server has moved on; the page needs a fresh start.